Map: Thunderbird LE

Players

PeLLy

  • Race: Zerg Zerg
  • League: Diamond
  • Spawn Location: 11:00

Cookie - Winner!

  • Race: Terran Terran
  • Spawn Location: 5:00

VOD

Have the link to the VOD?

Description

Time

  • Played on: Aug. 12, 2019, 4:52 p.m.
  • Length: 17:08
Show
View Real Time Build Order
Export as new Build Order

PeLLy Zerg 

Build Orders: Hatch First, Swarm Host 

Get SALT Encoding   

  12  0:01  Drone  
  13  0:13  Overlord  
  13  0:22  Drone  
  14  0:33  Drone  
  14  0:34  Drone  
  16  0:38  Drone  
  17  0:53  Hatchery  
  17  0:56  Drone  
  17  1:01  Drone, Extractor  
  17  1:15  Spawning Pool  
  16  1:18  Drone  
  16  1:24  Drone  
  18  1:29  Drone  
  19  1:45  Drone  
  20  1:51  Overlord  
  20  2:02  Metabolic Boost  
  20  2:04  Drone  
  20  2:08  Drone  
  22  2:17  Drone x2  
  24  2:26  Drone, Queen x2  
  24  2:28  Drone  
  30  2:39  Zergling x2  
  31  2:48  Drone x3  
  31  2:51  Hatchery  
  33  2:55  Zergling x2  
  34  3:05  Drone  
  34  3:06  Drone  
  34  3:11  Overlord  
  36  3:16  Evolution Chamber  
  36  3:18  Queen, Evolution Chamber  
  36  3:21  Baneling Nest  
  36  3:23  Drone  
  36  3:24  Extractor  
  35  3:29  Drone  
  35  3:30  Overlord x2  
  36  3:40  Drone x6  
  42  3:43  Extractor  
  42  3:46  Zerg Melee Weapons Level 1  
  41  4:02  Drone x5, Extractor  
  45  4:13  Zerg Ground Armor Level 1  
  45  4:23  Baneling x2  
  45  4:27  Drone x8  
  53  4:32  Queen  
  53  4:35  Overlord  
  55  4:43  Extractor  
  55  4:44  Extractor  
  53  4:50  Spore Crawler  
  53  4:52  Spore Crawler, Lair  
  51  4:59  Pneumatized Carapace  
  51  5:06  Drone  
  51  5:07  Drone x2  
  54  5:12  Drone x7  
  61  5:16  Drone x2  
  61  5:19  Drone  
  64  5:33  Drone  
  64  5:34  Drone x3  
  68  5:47  Roach Warren  
  68  5:49  Drone x3  
  70  5:51  Spore Crawler  
  70  5:52  Drone, Queen  
  72  6:00  Zergling x4  
  72  6:02  Overlord x3  
  74  6:05  Baneling x2  
  74  6:07  Centrifical Hooks  
  74  6:09  Zerg Melee Weapons Level 2  
  74  6:15  Spore Crawler  
  73  6:20  Spine Crawler  
  69  6:31  Zergling x26  
  73  6:39  Zergling x2  
  66  6:57  Drone x5  
  66  6:58  Drone x3  
  74  7:05  Spore Crawler  
  74  7:06  Queen x2, Spine Crawler  
  74  7:07  Queen  
  78  7:12  Drone  
  78  7:13  Drone x2  
  81  7:17  Baneling x6  
  78  7:41  Zergling x14  
  78  7:42  Zergling x4  
  76  8:00  Roach x3  
  82  8:07  Baneling x12  
  82  8:14  Hatchery  
  81  8:21  Baneling x6  
  81  8:24  Roach  
  81  8:25  Roach x7  
  97  8:27  Overlord  
  97  8:28  Overlord x4  
  97  8:33  Drone  
  98  8:39  Overlord  
  98  8:44  Zerg Missile Weapons Level 1  
  98  8:45  Zerg Ground Armor Level 2  
  98  8:46  Infestation Pit  
  97  8:54  Drone  
  97  8:55  Drone x10  
  108  9:14  Drone x5  
  108  9:16  Extractor  
  112  9:18  Extractor  
  112  9:24  Ravager x5  
  116  9:27  Glial Reconstitution  
  116  9:52  Drone x3  
  119  9:56  Swarm Host x11  
  152  10:01  Overlord x3  
  152  10:02  Overlord x2  
  152  10:03  Nydus Network  
  151  10:10  Drone, Hydralisk Den  
  151  10:12  Drone  
  152  10:20  Zergling x10  
  157  10:25  Hatchery  
  106  11:11  Zergling x2  
  106  11:12  Zergling x24  
  116  11:26  Extractor  
  116  11:27  Extractor  
  99  11:38  Swarm Host x6  
  99  11:39  Swarm Host  
  107  12:04  Drone x8  
  107  12:05  Drone  
  114  12:24  Nydus Canal  
  114  12:27  Roach x7, Hydralisk  
  114  12:28  Roach  
  132  12:48  Hatchery  
  132  12:50  Swarm Host x9  
  158  12:54  Hydralisk  
  160  12:58  Baneling x5  
  160  12:59  Baneling x5  
  160  13:12  Drone x4  
  113  13:44  Zergling x34  
  113  13:45  Zergling x12  
  133  14:02  Nydus Network  
  126  14:04  Baneling x6  
  81  14:47  Roach x9  
  87  15:24  Zergling x2  
  87  15:25  Zergling x10  
  74  15:44  Baneling x6  
  74  15:48  Zergling x2  
  74  15:49  Zergling x2  
  74  16:02  Spine Crawler  
  74  16:03  Spine Crawler  
  72  16:05  Spine Crawler x3  
  72  16:07  Spore Crawler x3  
  72  16:09  Spine Crawler  
  60  16:31  Zergling x4  
  60  16:32  Zergling x2  
  63  16:34  Hatchery  
Show
View Real Time Build Order
Export as new Build Order

Cookie Terran - Winner!

Build Orders: Command Center First (CC) 

Get SALT Encoding   

  12  0:02  SCV  
  13  0:14  SCV  
  13  0:20  Supply Depot  
  14  0:28  SCV  
  15  0:42  SCV  
  16  0:54  SCV  
  17  1:01  Command Center  
  17  1:07  SCV  
  18  1:19  SCV  
  18  1:20  Barracks  
  18  1:25  Refinery  
  19  1:32  SCV  
  20  1:48  Barracks  
  20  1:50  SCV  
  20  1:51  Refinery  
  21  2:02  SCV  
  22  2:09  Barracks  
  22  2:16  Orbital Command  
  22  2:21  SCV  
  23  2:24  Barracks Tech Lab  
  23  2:33  SCV  
  24  2:42  SCV  
  25  2:45  Orbital Command  
  25  2:58  Marine x3  
  25  3:03  Factory  
  25  3:04  SCV  
  29  3:12  SCV  
  30  3:16  SCV, Stimpack  
  31  3:22  Engineering Bay  
  31  3:24  SCV  
  31  3:26  Engineering Bay  
  32  3:29  SCV  
  33  3:36  SCV  
  33  3:40  Barracks Reactor x2  
  34  3:42  SCV  
  35  3:48  Supply Depot, SCV  
  35  3:50  Supply Depot, Terran Infantry Weapons Level 1  
  35  3:54  Terran Infantry Armor Level 1  
  36  3:57  SCV  
  37  4:04  Starport  
  37  4:09  Factory Reactor  
  37  4:13  Refinery  
  37  4:14  SCV x2  
  37  4:15  Refinery  
  39  4:26  SCV x2  
  39  4:29  Marine x3  
  39  4:30  Marine  
  45  4:32  Marauder  
  47  4:42  SCV x2  
  49  4:49  Supply Depot  
  49  4:50  Supply Depot  
  49  4:54  SCV x2  
  49  4:59  Medivac  
  53  5:03  Factory Tech Lab  
  53  5:06  SCV  
  54  5:11  Medivac, SCV  
  57  5:16  Marine x4, Command Center  
  57  5:19  Marauder  
  63  5:22  Combat Shield  
  63  5:29  Supply Depot  
  63  5:30  Supply Depot, SCV  
  63  5:31  SCV  
  65  5:38  Marine x4  
  69  5:50  Medivac x2, Siege Tank  
  76  6:00  Marine x3  
  76  6:01  Marauder, Marine  
  82  6:10  Supply Depot  
  82  6:11  Supply Depot  
  82  6:18  Marine  
  82  6:22  Siege Tank  
  80  6:52  Marine x2  
  80  6:53  Marauder, Marine x2  
  75  7:04  Medivac, Siege Tank  
  75  7:05  Medivac  
  75  7:06  SCV  
  75  7:07  Orbital Command  
  75  7:08  SCV  
  84  7:10  Marine x3  
  84  7:11  Marine  
  84  7:12  Refinery  
  84  7:14  Marauder  
  90  7:18  SCV, Barracks x2  
  90  7:20  SCV, Armory, Barracks  
  92  7:28  Marine  
  93  7:32  Marine  
  93  7:36  Marauder  
  97  7:46  Marine  
  97  7:50  Marine  
  96  7:51  Barracks  
  96  7:57  Marauder  
  98  8:06  Supply Depot  
  98  8:13  Barracks Tech Lab, Barracks Reactor  
  98  8:14  Barracks Reactor  
  98  8:15  SCV  
  98  8:16  SCV x2  
  101  8:24  Supply Depot x3  
  101  8:26  Supply Depot  
  101  8:28  SCV x3  
  104  8:35  Concussive Shells  
  104  8:36  Terran Infantry Weapons Level 2, Terran Infantry Armor Level 2  
  104  8:38  Terran Vehicle And Ship Armor Level 1  
  104  8:39  Medivac x2, Command Center  
  104  8:40  SCV x3, Siege Tank  
  114  8:49  Missile Turret  
  114  8:52  SCV x3, Refinery  
  117  9:01  Supply Depot  
  117  9:02  Supply Depot  
  117  9:03  Supply Depot  
  117  9:04  SCV x3  
  117  9:09  Factory  
  120  9:12  Siege Tank  
  120  9:16  SCV x3  
  126  9:48  Marine  
  126  9:49  Marine x7  
  126  9:50  Marauder, Marine  
  126  9:52  Siege Tank  
  140  9:53  Factory Reactor  
  140  9:54  Medivac x2  
  144  10:06  Marine x2  
  144  10:07  Marine x3  
  146  10:08  Marauder  
  146  10:11  Marauder  
  153  10:18  Marine x3  
  156  10:24  Marine  
  157  10:29  Marauder  
  157  10:32  Terran Vehicle Weapons Level 1  
  157  10:33  Marauder  
  160  10:51  Marauder  
  160  10:54  Marauder  
  147  11:12  Marauder  
  147  11:16  Marauder  
  151  11:34  Marauder  
  152  11:50  Marauder, Marine x7  
  152  11:51  Widow Mine, Siege Tank  
  152  11:52  Medivac x2, Widow Mine  
  172  11:55  Marauder  
  172  11:56  Supply Depot x3  
  172  11:57  Supply Depot  
  173  12:11  Marauder  
  175  12:16  Marauder  
  175  12:22  Medivac x2  
  178  12:23  Command Center, Siege Tank  
  178  12:24  Marine x4  
  178  12:25  Marine x4, Command Center  
  186  12:33  Marauder  
  188  12:38  Marauder  
  188  12:42  Marine x5  
  188  12:43  Marine x3  
  198  12:45  Terran Infantry Weapons Level 3  
  198  12:46  Neosteel Armor  
  198  12:47  Terran Vehicle And Ship Armor Level 2  
  193  12:54  Marauder  
  193  12:55  Siege Tank  
  198  12:59  Marauder  
  198  13:00  Drilling Claws  
  165  14:05  Marine x5  
  165  14:06  Marauder x2, Marine x3  
  168  14:23  Marine x6  
  168  14:24  Marine x2  
  175  14:27  Marauder x2  
  180  14:40  Marine  
  180  14:42  Liberator  
  180  14:43  Liberator  
  179  14:48  Marauder  
  179  14:49  Marauder  
  169  14:55  Marine x4  
  169  14:56  Marine x3  
  169  14:58  Marine, Siege Tank  
  169  14:59  Widow Mine x2  
  182  15:10  Marauder x2, Hi-Sec Auto Tracking  
  182  15:13  Marine x6  
  182  15:14  Marine  
  192  15:16  Marine  
  192  15:20  Widow Mine x2  
  192  15:30  Orbital Command  
  192  15:31  Marauder, Marine x3, Siege Tank  
  196  15:53  Marauder  
  192  16:03  Siege Tank  
  195  16:14  Marauder  
  186  16:35  Siege Tank  
Tags
 
Add a new tag
Caveats
  • Supply blocks, unpowered buildings, or Contaminate may cause inaccurate times.
  • Supply counts are checked every 10 seconds.